cohdb
Replays
Latest Replays
All Replays
Popular Replays
Top Player Replays
Match Explorer
How It Works
Community
CoH3 Stats
Reddit
Sign in to upload your games and track your stats! →
Sign in with Steam
Match 41398048
Unlisted
Match 41398048
Overview
Messages
Build Orders
End
Panzergrenadier Squad
250 Light Carrier
Panzergrenadier Squad
Construct Light Support Kompanie
Combat Half-tracks
Panzerpioneer Squad
Construct Mechanized Kompanie
Support Armor Elements
Selects Panzerjäger Kommand Battlegroup
Selects Panzerjäger Kommand Battlegroup
Selects Blockade Equipment
Selects Tank Busters
Selects Defensive Positions
Panzerjäger Mechanized Group
StuG III D Assault Gun
2.5-tonne Medical Truck
254 Reconnaissance Tractor
Veteran Squad Leaders
StuG III D Assault Gun
Construct Panzerarmee Kommand
Selects Butterfly Bomb Drop
Selects Crew Shock Tactics
Butterfly Bomb Drop
Forward Retreat Point
18-tonne Recovery Half-track
Butterfly Bomb Drop
Skibidi Rizzler
Caesaris_
whatislove
starlight
STALKER4732
SoyaLors
ezh
Devochkin
0
0
Comments
sign in to comment!
No comments posted yet!